Match 45183670
Unlisted

Match 45183670
End
Royal Engineer Section
Construct Section Command Post
Selects Air and Sea Battlegroup
Dingo Light Scout Car
Infantry Section
Construct Field Infirmary
Infantry Section
Selects Supply Surplus
Construct Platoon Command Post
Selects Commando Section Paradrop
Selects M1 Pack Howitzer Paradrop
M1 Pack Howitzer Paradrop
Selects Supply Surplus
Construct Resource Cache
Commando Section Paradrop
Construct Resource Cache
Construct Company Command Post
Unlock M3 Grant Medium Tanks
M3 Grant Medium Tank
Commando Section Paradrop
M3 Grant Medium Tank
M3 Grant Medium Tank
Commando Section Paradrop
M3 Grant Medium Tank
Selects Incendiary Bombing Run
Selects UNKNOWN (223837)
Selects Naval Bombardment
Naval Bombardment
M3 Grant Medium Tank
Commando Section Paradrop
Royal Engineer Section
M3 Grant Medium Tank
M3 Grant Medium Tank
M3 Grant Medium Tank
Commando Section Paradrop
M3 Grant Medium Tank
Commando Section Paradrop
Royal Engineer Section
Incendiary Bombing Run
Commando Section Paradrop
M3 Grant Medium Tank
udu peer
anaalbanaan
Agent Smith
Robin Da Hood
0
0

Comments sign in to comment!

No comments posted yet!